 Dungeon Crawl Stone Soup version 0.25.1-2-g60ff931df9 (webtiles) character file.

Game seed: 330828613729369514

248436 Elvor the Bludgeoner (level 18, -11/176 HPs)
             Began as a Minotaur Fighter on Sept 3, 2020.
             Was a High Priest of Okawaru.
             Hit by a javelin thrown by a merfolk javelineer (21 damage)
             ... on level 4 of the Shoals on Sept 4, 2020.
             The game lasted 06:28:45 (34218 turns).

Elvor the Bludgeoner (Minotaur Fighter)            Turns: 34218, Time: 06:28:45

Health: -11/176    AC: 30    Str: 32    XL:     18   Next: 85%
Magic:  19/20      EV: 21    Int: 20    God:    Okawaru [*****.]
Gold:   1196       SH: 21    Dex: 15    Spells: 15/17 levels left

rFire    + + .     SeeInvis +   v - +8 morningstar of Midnight {flame, Str+3 Int+4}
rCold    + . .     Gourm    .   M - +2 kite shield {rC+}
rNeg     . . .     Faith    +   A - +4 chain mail {rPois}
rPois    +         Spirit   .   I - +1 hat {MR+}
rElec    +         Reflect  .   F - +1 cloak of Starlight {rElec rC+ EV+4 Stlth--}
rCorr    .         Harm     .   T - +2 pair of gloves
MR       ++...                  P - +2 pair of boots {Stlth+}
Stlth    ..........             o - amulet of faith
HPRegen  0.39/turn              K - ring "Jihoujis" {Fire +Fly rElec Str+2 Int+7}
MPRegen  0.17/turn              J - ring "Badghearu" {rPois rF+ Int+3 Dex+4 SInv}

@: heroism
A: retaliatory headbutt, horns 2, screaming 1
}: 2/15 runes: serpentine, abyssal
a: Heroism, Finesse, Renounce Religion, Evoke Flight


You were on level 4 of the Shoals.
You worshipped Okawaru.
Okawaru was extremely pleased with you.
You were not hungry.

You visited 6 branches of the dungeon, and saw 32 of its levels.
You visited the Abyss 1 time.
You visited 1 bazaar.
You also visited: Ice Cave and Volcano.

You collected 3399 gold pieces.
You spent 2203 gold pieces at shops.

Inventory:

Hand Weapons
 c - the +6 rapier of Ointment {vorpal, rF- rC+ rN++ MR+}
   (You found it on level 1 of the Shoals)

   It inflicts extra damage upon your enemies.
   It makes you vulnerable to fire.
   It protects you from cold.
   It greatly protects you from negative energy.
   It affects your resistance to hostile enchantments.
 v - the +8 morningstar of Midnight (weapon) {flame, Str+3 Int+4}
   (Okawaru gifted it to you on level 3 of the Snake Pit)

   It has been specially enchanted to burn those struck by it, causing extra
   injury to most foes and up to half again as much damage against particularly
   susceptible opponents.
   It affects your strength (+3).
   It affects your intelligence (+4).
Missiles
 a - 4 throwing nets
 j - 31 boomerangs (quivered)
 w - 17 javelins
 y - 18 poisoned darts
Armour
 r - a +0 chain mail of fire resistance
 A - a +4 chain mail of poison resistance (worn)
 F - the +1 cloak of Starlight (worn) {rElec rC+ EV+4 Stlth--}
   (You found it on level 2 of the Lair of Beasts)

   It affects your evasion (+4).
   It protects you from cold.
   It insulates you from electricity.
   It makes you much less stealthy.
 I - a +1 hat of magic resistance (worn)
 M - a +2 kite shield of cold resistance (worn)
 P - a +2 pair of boots of stealth (worn)
 T - a +2 pair of gloves (worn)
Jewellery
 o - an amulet of faith (around neck)
 G - the ring "Ripp" {+Inv +Fly rN++ Str-2 Stlth-}
   (You found it in an ice cave)

   [ring of attention]

   It affects your strength (-2).
   It greatly protects you from negative energy.
   It lets you turn invisible.
   It lets you fly.
   It makes you less stealthy.
 J - the ring "Badghearu" (right hand) {rPois rF+ Int+3 Dex+4 SInv}
   (You found it on level 2 of the Snake Pit)

   [ring of see invisible]

   It affects your intelligence (+3).
   It affects your dexterity (+4).
   It protects you from fire.
   It protects you from poison.
   It lets you see invisible.
 K - the ring "Jihoujis" (left hand) {Fire +Fly rElec Str+2 Int+7}
   (You found it on level 1 of the Shoals)

   [ring of fire]

   It enhances your fire magic.
   It affects your strength (+2).
   It affects your intelligence (+7).
   It protects you from fire.
   It makes you vulnerable to cold.
   It insulates you from electricity.
   It lets you fly.
Wands
 h - a wand of disintegration (13)
 m - a wand of digging (8)
 E - a wand of iceblast (18)
 N - a wand of acid (6)
 W - a wand of polymorph (12)
 Y - a wand of flame (29)
Scrolls
 e - 3 scrolls of magic mapping
 i - 9 scrolls of teleportation
 n - 6 scrolls of remove curse
 p - a scroll of summoning
 s - 8 scrolls of fog
 C - 3 scrolls of blinking
 D - 4 scrolls of immolation
 S - a scroll of silence
 X - a scroll of vulnerability
 Z - 3 scrolls of fear
Potions
 b - 3 potions of haste
 d - 6 potions of might
 g - 2 potions of cancellation
 k - a potion of heal wounds
 l - 4 potions of curing
 q - 7 potions of berserk rage
 t - 3 potions of flight
 u - 3 potions of resistance
 x - 2 potions of invisibility
 B - a potion of mutation
 O - 7 potions of lignification
Comestibles
 f - 21 rations
 z - 2 chunks of flesh


   Skills:
 * Level 19.3(24.3) Fighting
 + Level 19.8(24.8) Maces & Flails
 + Level 12.7(17.7) Throwing
 + Level 13.7(18.7) Armour
 + Level 7.2(12.2) Dodging
 - Level 1.1(6.1) Stealth
 + Level 18.8(23.8) Shields
 + Level 4.8 Invocations
 + Level 1.8 Evocations


You had 15 spell levels left.
You knew the following spells:

 Your Spells              Type           Power        Failure   Level  Hunger
a - Swiftness             Chrm/Air       #.......     58%         2    ###....

Your spell library contained the following spells:

 Spells                   Type           Power        Failure   Level  Hunger
 Animate Skeleton         Necr           N/A          45%         1    ##.....
 Corona                   Hex            #......      45%         1    ##.....
 Infusion                 Chrm           #...         45%         1    ##.....
 Pain                     Necr           #...         45%         1    ##.....
 Shock                    Conj/Air       #...         45%         1    ##.....
 Corpse Rot               Necr/Air       N/A          58%         2    ###....
 Shroud of Golubria       Chrm/Tloc      #.....       58%         2    ###....
 Slow                     Hex            #.......     58%         2    ###....
 Song of Slaying          Chrm           #.......     58%         2    ###....
 Sublimation of Blood     Necr           #.........   58%         2    ###....
 Inner Flame              Hex/Fire       #.......     83%         3    ####...
 Ozocubu's Armour         Chrm/Ice       #.......     83%         3    ####...
 Portal Projectile        Hex/Tloc       #.....       83%         3    ####...
 Spectral Weapon          Hex/Chrm       #.......     83%         3    ####...
 Static Discharge         Conj/Air       #.......     83%         3    ####...
 Vampiric Draining        Necr           #.........   83%         3    ####...
 Airstrike                Air            #.........   99%         4    #####..
 Animate Dead             Necr           N/A          99%         4    #####..
 Cause Fear               Hex            #.........   99%         4    #####..
 Dispel Undead            Necr           #.......     99%         4    #####..
 Leda's Liquefaction      Hex/Erth       #.........   99%         4    #####..
 Agony                    Necr           #.......     100%        5    ######.
 Excruciating Wounds      Chrm/Necr      #.........   100%        5    ######.
 Irradiate                Conj/Tmut      #.........   100%        5    ######.
 Lightning Bolt           Conj/Air       #.........   100%        5    ######.
 Hydra Form               Tmut           #.........   100%        6    #######
 Statue Form              Tmut/Erth      #........    100%        6    #######
 Dragon Form              Tmut           #.........   100%        7    #######


Dungeon Overview and Level Annotations

Branches:
Dungeon (15/15)            Temple (1/1) D:4            Lair (6/6) D:11
 Shoals (4/4) Lair:3        Snake (4/4) Lair:4        Slime (0/5) Lair:5
    Orc (2/2) D:11            Elf (0/3) Orc:2        Vaults (0/5) D:14
 Depths (0/5) D:15          IceCv (visited)         Volcano (visited)

Altars:
Ashenzari
Cheibriados
Dithmenos
Elyvilon
Fedhas
Gozag
Hepliaklqana
Kikubaaqudgha
Makhleb
Nemelex Xobeh
Okawaru
Qazlal
Ru
Sif Muna
Trog
Uskayaw
Vehumet
Wu Jian
Xom
Yredelemnul
Zin
The Shining One
Beogh

Shops:
D:6 *   D:7 ((   D:13 (   D:15 !   Orc:2 [([(   Snake:1 [   Snake:2 =}=
Snake:3 [


Innate Abilities, Weirdness & Mutations

You reflexively headbutt those who attack you in melee.
You have a pair of horns on your head.
You occasionally shout uncontrollably at your foes.


Message History

* * * LOW HITPOINT WARNING * * *
The javelin pierces through the plant.
You hear a splash.
There is a stone staircase leading up, spattered with blood here.
You feel much better.
The satyr shoots a sling bullet.
The sling bullet hits you!
* * * LOW HITPOINT WARNING * * *
The merfolk javelineer throws a javelin.
The javelin completely misses you.
The javelin pierces through the plant!!
You block the merfolk javelineer's attack.
The merfolk javelineer throws a javelin.
The javelin pierces through you!
* * * LOW HITPOINT WARNING * * *
The javelin pierces through the plant.
You hear a splash.
The satyr plays a lulling melody on his pipes!
You easily resist.
The merfolk javelineer throws a javelin.
The javelin pierces through you!!
You die...

.......................
..........≈≈≈≈..........
..........≈≈............
≈......P.#≈.............
≈..PP.PP##≈.............
≈..#.PP.#...........(...
≈.P#..÷...#.#....(..P...
..P.....≈≈#.#m......###
...P....≈≈..).m(@..(((#
..#P#...≈).)P.c...≈≈≈..#
..#.#...≈..#..)..≈≈≈P≈≈.
.....(#.PP.#.....≈≈≈(≈≈P
...((##PP.PP.....≈≈≈P≈≈≈
..P..#mPm........≈≈≈≈≈≈P
......mm........≈≈≈≈≈≈≈P
.......)≈.......≈≈≈≈≈≈≈≈
..P............P≈≈≈


You could see 2 merfolk javelineers and a satyr.

Vanquished Creatures
  A bone dragon (Abyss:3)
  Rupert (D:12)
  The ghost of Loidof the Severer, an adept MiFi of Okawaru (Shoals:1)
  A kraken (Shoals:1)
  3 tentacled starspawn (Abyss:3)
  Donald (Orc:2)
  13 nagarajas
  2 orc warlords
  A cacodemon (Abyss:3)
  The ghost of Fidin the Brawler, a journeyman TrBe of Trog (Snake:3)
  A draconian scorcher (Abyss:3)
  2 draconian stormcallers (Abyss:3)
  Louise (Shoals:2)
  A very ugly thing (D:13)
  A dire elephant (Lair:5)
  4 merfolk impalers
  The ghost of BrickInstitution the Severer, a journeyman HOFi of Beogh (Lair:6)
  Snorg (D:11)
  A blizzard demon (Abyss:3)
  3 merfolk javelineers
  Josephine (Shoals:1)
  2 ice dragons (IceCv)
  12 hydras
  12 naga warriors
  2 catoblepae
  6 merfolk avatars
  An ice dragon (shapeshifter) (D:15)
  17 anacondas
  2 centaur warriors
  A satyr (Shoals:3)
  A merfolk aquamancer (Shoals:2)
  2 dancing weapons (D:14)
  9 death yaks
  5 two-headed ogres
  An alligator snapping turtle (Shoals:1)
  A death knight (D:11)
  An ogre mage (D:14)
  A thrashing horror (Abyss:3)
  15 naga sharpshooters
  9 shock serpents
  Sonja (Lair:3)
  An orc high priest (Orc:2)
  A salamander mystic (Snake:2)
  2 skeletal warriors (Volcano)
  A glowing orange brain (D:15)
  10 sea snakes
  3 unseen horrors
  7 naga ritualists
  3 deep elf magi
  2 wolf spider zombies
  A salamander (shapeshifter) (D:13)
  8 salamanders
  8 mana vipers
  8 ugly things
  2 orc knights
  An orc sorcerer (Orc:2)
  13 fauns
  3 large abominations
  8 cyclopes
  8 manticores
  38 black mambas
  2 ice statues (IceCv)
  3 centaur zombies
  11 merfolk sirens
  An apocalypse crab (Abyss:3)
  A torpor snail (Lair:6)
  13 elephants
  Maurice (D:8)
  16 guardian serpents
  6 water nymphs
  Psyche (D:9)
  23 naga magi
  6 gargoyles
  11 spiny frogs
  6 komodo dragons
  An efreet (D:15)
  5 rime drakes
  A tengu conjurer (D:15)
  A freezing wraith (Abyss:2)
  A demonic crawler (Lair:2)
  5 trolls
  10 merfolk
  4 polar bears (Lair:6)
  A polar bear (shapeshifter) (D:15)
  A hornet (shapeshifter) (D:15)
  4 raiju (Abyss:2)
  4 wind drakes
  3 hornets
  20 hippogriffs
  8 slime creatures
  Prince Ribbit (Lair:3)
  14 dream sheep
  3 snapping turtles
  7 blink frogs
  3 flying skulls (Volcano)
  2 shadows
  3 water elementals
  2 ynoxinuls
  2 vampires
  A spriggan (D:10)
  2 alligator skeletons (Volcano)
  21 yaks
  A centaur simulacrum (D:15)
  7 wyverns
  A chaos spawn (Shoals:2)
  6 wraiths
  A fire bat (shapeshifter) (D:15)
  7 basilisks
  2 steam dragons
  Grum (D:11)
  Menkaure (D:6)
  2 swamp worms (Lair:2)
  Edmund (D:6)
  2 vampire mosquitoes (D:12)
  3 wargs
  2 soldier ants
  54 nagas
  20 water moccasins
  3 acid dragons
  9 porcupines
  A hornet zombie (D:13)
  2 eyes of draining
  28 ice beasts
  44 orc warriors
  6 sky beasts
  A necrophage (D:13)
  5 black bears
  4 phantoms
  16 ogres
  14 wolves
  20 centaurs
  A crocodile (shapeshifter) (D:15)
  16 crocodiles
  A small abomination (Abyss:3)
  6 big kobolds
  23 bullfrogs
  2 wyvern zombies
  2 scorpions (D:10)
  4 killer bees (D:7)
  A spriggan skeleton (Volcano)
  2 vampire bats (Lair:2)
  5 howler monkeys
  A bullfrog zombie (D:12)
  7 crimson imps
  13 starcursed masses
  5 hounds
  2 jellies
  2 bullfrog skeletons
  25 orc priests
  40 orc wizards
  7 centaur skeletons
  An iguana (D:9)
  12 worker ants
  2 naga skeletons (Volcano)
  18 adders
  7 gnolls
  2 shadow imps
  An ufetubus (Abyss:3)
  2 oozes
  2 adder skeletons
  An adder zombie (D:10)
  3 worms
  2 dart slugs (D:2)
  3 leopard geckos
  128 orcs
  4 ball pythons
  16 bats
  4 giant cockroaches
  4 goblins
  10 hobgoblins
  21 jackals
  5 quokkas
  3 frilled lizards
  37 kobolds
  3 rats
  A lurking horror (Abyss:2)
  3 plants
  5 tentacles (Shoals:1)
1231 creatures vanquished.

Vanquished Creatures (others)
  A naga mage (Snake:4)
  A yak (Lair:6)
  A kobold (D:12)
  45 fungi
  A lurking horror (Abyss:3)
  22 plants
  20 starspawn tentacles
  4 tentacles (Shoals:1)
95 creatures vanquished.

Grand Total: 1326 creatures vanquished

Notes
Turn   | Place    | Note
-------+----------+-------------------------------------------
     0 | D:1      | Elvor the Minotaur Fighter began the quest for the Orb.
     0 | D:1      | Reached XP level 1. HP: 19/19 MP: 0/0
   193 | D:1      | Reached XP level 2. HP: 20/27 MP: 1/1
   518 | D:1      | Found a sparkling altar of Nemelex Xobeh.
   595 | D:1      | Reached XP level 3. HP: 30/33 MP: 2/2
   771 | D:2      | Noticed an ice beast
   897 | D:2      | Found a hazy altar of Hepliaklqana.
  1067 | D:2      | Killed an ice beast
  1067 | D:2      | Reached skill level 1 in Dodging
  1067 | D:2      | Reached XP level 4. HP: 39/40 MP: 3/3
  1067 | D:2      | Reached XP level 5. HP: 45/46 MP: 4/4
  1292 | D:3      | Reached skill level 5 in Shields
  1431 | D:3      | Reached XP level 6. HP: 23/52 MP: 5/5
  1433 | D:3      | Reached skill level 5 in Maces & Flails
  1616 | D:3      | Reached skill level 5 in Armour
  1945 | D:3      | Found a shimmering altar of Xom.
  2169 | D:4      | Reached XP level 7. HP: 54/60 MP: 6/6
  2368 | D:4      | Found a staircase to the Ecumenical Temple.
  2403 | Temple   | Entered the Ecumenical Temple
  2846 | D:4      | Reached skill level 1 in Throwing
  3145 | D:5      | Entered Level 5 of the Dungeon
  3202 | D:5      | Found a blossoming altar of Fedhas.
  3829 | D:6      | Reached XP level 8. HP: 67/67 MP: 7/7
  3840 | D:6      | Found an iron altar of Okawaru.
  3851 | D:6      | Became a worshipper of Warmaster Okawaru
  3906 | D:6      | Found a sacrificial altar of Ru.
  4109 | D:6      | Noticed Menkaure
  4120 | D:6      | Killed Menkaure
  4492 | D:6      | Noticed Edmund
  4507 | D:6      | Killed Edmund
  4507 | D:6      | Reached skill level 5 in Fighting
  4627 | D:6      | Found Ocrinn's General Store.
  4638 | D:6      | Bought 2 potions of ambrosia for 192 gold pieces
  4638 | D:6      | Bought a scroll of random uselessness for 12 gold pieces
  4743 | D:6      | Reached * piety under Okawaru
  4912 | D:7      | Noticed a hippogriff
  4933 | D:7      | Killed a hippogriff
  4933 | D:7      | Reached skill level 10 in Maces & Flails
  4974 | D:7      | Reached XP level 9. HP: 36/74 MP: 8/8
  5136 | D:7      | Reached ** piety under Okawaru
  5278 | D:7      | Found Weirchuar's Weapon Shop.
  5357 | D:7      | Found Dynugoda's Antique Weapon Boutique.
  5520 | D:7      | Found an opulent altar of Gozag.
  5707 | D:8      | Noticed Maurice
  6029 | D:8      | Killed Maurice
  6116 | D:8      | Got a masterwork arbalest
  6214 | D:8      | Reached *** piety under Okawaru
  6230 | D:8      | Reached XP level 10. HP: 52/84 MP: 9/9
  6394 | D:8      | Identified the +2 arbalest of Valiance {vorpal, MP+9 Str+2
                  | Dex+3} (You found it on level 8 of the Dungeon)
  6480 | D:9      | Noticed Psyche
  6487 | D:9      | Killed Psyche
  6700 | D:9      | Found an opulent altar of Gozag.
  6746 | D:9      | Reached **** piety under Okawaru
  6862 | D:10     | Entered Level 10 of the Dungeon
  7133 | D:10     | Noticed a gargoyle
  7146 | D:10     | Killed a gargoyle
  7362 | D:10     | Killed an unseen horror
  7362 | D:10     | Reached ***** piety under Okawaru
  7560 | D:10     | Reached XP level 11. HP: 92/92 MP: 10/10
  7990 | D:11     | Found a staircase to the Orcish Mines.
  7994 | D:11     | Reached skill level 5 in Throwing
  8162 | D:11     | Paralysed by a hornet for 1 turns
  8324 | D:11     | Noticed Snorg
  8346 | D:11     | Killed Snorg
  8346 | D:11     | Received a gift from Okawaru
  8652 | D:11     | Received a gift from Okawaru
  8653 | D:11     | Got a twisted great mace {god gift}
  8686 | D:11     | Found a staircase to the Lair.
  8717 | D:11     | Identified the +0 great mace of the Chain {elec, rC+ MR+
                  | Stlth+} (Okawaru gifted it to you on level 11 of the
                  | Dungeon)
  8778 | D:11     | Noticed Grum
  8779 | D:11     | Noticed a death knight
  8815 | D:11     | Killed Grum
  8815 | D:11     | Reached skill level 10 in Shields
  9315 | D:12     | Killed an unseen horror
  9621 | D:12     | Received a gift from Okawaru
  9621 | D:12     | Reached skill level 15 in Maces & Flails
  9700 | D:12     | Reached XP level 12. HP: 56/102 MP: 11/11
  9817 | D:12     | Learned a level 2 spell: Swiftness
 10042 | D:12     | Reached skill level 1 in Stealth
 10301 | D:12     | Noticed Rupert
 10321 | D:12     | Killed Rupert
 10557 | D:11     | Killed a death knight
 10557 | D:11     | Reached skill level 1 in Invocations
 10821 | Lair:1   | Entered Level 1 of the Lair of Beasts
 10853 | Lair:1   | Found a dark tunnel.
 10861 | Volcano  | Entered a volcano
 10991 | Volcano  | Reached ****** piety under Okawaru
 10991 | Volcano  | Received a gift from Okawaru
 10992 | Volcano  | Got an encrusted mace {god gift}
 10993 | Volcano  | Identified the +1 mace "Kyam" {drain, Str+4 Dex+3} (Okawaru
                  | gifted it to you in a volcano)
 11660 | Lair:1   | Noticed a five-headed hydra
 11665 | Lair:1   | Noticed an eight-headed hydra
 11674 | Lair:1   | Killed a five-headed hydra
 11674 | Lair:1   | Reached skill level 10 in Armour
 11704 | Lair:1   | Killed an eight-headed hydra
 11716 | Lair:1   | Noticed a seven-headed hydra
 11721 | Lair:1   | Killed a seven-headed hydra
 11721 | Lair:1   | Reached XP level 13. HP: 81/113 MP: 7/13
 12043 | Lair:1   | Reached skill level 10 in Fighting
 12053 | Lair:2   | Received a gift from Okawaru
 12379 | Lair:2   | Found the +1 cloak of Starlight {rElec rC+ EV+4 Stlth--}
 12445 | Lair:2   | Received a gift from Okawaru
 12693 | Lair:2   | Got an encrusted rapier
 12736 | Lair:2   | Identified the +5 rapier of Conservatism {drain, Int+3
                  | Dex+6} (You found it on level 2 of the Lair of Beasts)
 13190 | Lair:3   | Noticed Prince Ribbit
 13212 | Lair:3   | Killed Prince Ribbit
 13223 | Lair:3   | Reached skill level 1 in Evocations
 13502 | Lair:3   | Received a gift from Okawaru
 13614 | Lair:3   | Found a staircase to the Shoals.
 13662 | Lair:3   | Received a gift from Okawaru
 13690 | Lair:3   | Noticed Sonja
 13718 | Lair:3   | Killed Sonja
 14696 | Lair:4   | Found a staircase to the Snake Pit.
 15346 | Lair:5   | Reached skill level 5 in Dodging
 15369 | Lair:5   | Found a staircase to the Slime Pits.
 15728 | Lair:5   | Reached XP level 14. HP: 124/124 MP: 14/14
 15924 | Lair:6   | Entered Level 6 of the Lair of Beasts
 15990 | Lair:6   | Found a runed translucent door.
 16124 | Lair:5   | Received a gift from Okawaru
 16242 | Lair:6   | Received a gift from Okawaru
 16278 | Lair:6   | Got a steaming longbow {god gift}
 16322 | Lair:6   | Noticed BrickInstitution's ghost (journeyman HOFi)
 16665 | Lair:6   | Received a gift from Okawaru
 16687 | Lair:6   | Identified the +3 longbow "Vuribado" {speed, MR+} (Okawaru
                  | gifted it to you on level 6 of the Lair of Beasts)
 17173 | Lair:6   | Killed BrickInstitution's ghost
 17738 | Orc:1    | Entered Level 1 of the Orcish Mines
 18039 | Orc:2    | Entered Level 2 of the Orcish Mines
 18039 | Orc:2    | Found a frozen archway.
 18070 | IceCv    | Entered an ice cave
 18239 | IceCv    | Received a gift from Okawaru
 18305 | IceCv    | Got a crude ivory amulet
 18319 | IceCv    | Got a flickering steel ring
 18330 | IceCv    | Identified the amulet of Past Mistakes {Inacc rElec rC++
                  | MR+ Int-2} (You found it in an ice cave)
 18346 | IceCv    | Identified the ring "Ripp" {+Inv +Fly rN++ Str-2 Stlth-}
                  | (You found it in an ice cave)
 18442 | IceCv    | Reached XP level 15. HP: 131/137 MP: 16/16
 18593 | Orc:2    | Found a roughly hewn altar of Beogh.
 18616 | Orc:2    | Found a staircase to the Elven Halls.
 18695 | Orc:1    | Noticed an orc warlord
 18746 | Orc:1    | Killed an orc warlord
 19109 | Orc:2    | Found a roughly hewn altar of Beogh.
 19152 | Orc:2    | Found a roughly hewn altar of Beogh.
 19153 | Orc:2    | Found Paumn's Antique Armour Emporium.
 19163 | Orc:2    | Received a gift from Okawaru
 19242 | Orc:2    | Found a burning altar of Makhleb.
 19391 | Orc:2    | Found a roughly hewn altar of Beogh.
 19442 | Orc:2    | Noticed Donald
 19454 | Orc:2    | Killed Donald
 19454 | Orc:2    | Reached skill level 15 in Shields
 19477 | Orc:2    | Found a roughly hewn altar of Beogh.
 19640 | Orc:2    | Found a roughly hewn altar of Beogh.
 19640 | Orc:2    | Found Luyrou Xiug's Weapon Emporium.
 19684 | Orc:2    | Bought 5 boomerangs for 27 gold pieces
 19807 | Orc:2    | Noticed an orc warlord
 19823 | Orc:2    | Killed an orc warlord
 19935 | Orc:2    | Found Sumuehof's Antique Armour Shop.
 19939 | Orc:2    | Found Karum's Antique Weapon Boutique.
 19939 | Orc:2    | Found a roughly hewn altar of Beogh.
 19998 | Orc:2    | Bought a smoking cloak for 199 gold pieces
 20013 | Orc:2    | Identified the cursed +0 cloak of Zosen {MR- rCorr Dex+2}
                  | (You bought it in a shop on level 2 of the Orcish Mines)
 20310 | D:13     | Found Yteint's Weapon Boutique.
 20648 | D:13     | Found a glowing golden altar of the Shining One.
 20793 | D:14     | Received a gift from Okawaru
 20799 | D:14     | Got an iridescent demon blade {god gift}
 20820 | D:14     | Found a gate to the Vaults.
 20831 | D:14     | Got a bloodstained leather armour
 20925 | D:14     | Identified the +4 demon blade of Cecron {venom, +Inv rF+}
                  | (Okawaru gifted it to you on level 14 of the Dungeon)
 20939 | D:13     | Identified the +1 leather armour of Ruzun {+Fly Str-3
                  | Slay+5 Stlth-} (You found it on level 14 of the Dungeon)
 20998 | D:14     | Reached skill level 15 in Fighting
 21302 | D:14     | Received a gift from Okawaru
 21530 | D:15     | Entered Level 15 of the Dungeon
 21786 | D:15     | Received a gift from Okawaru
 22019 | D:15     | Found a staircase to the Depths.
 22067 | D:15     | Identified the +0 leather armour of Burnt Knowledge {Int+6
                  | Dex+4}
 22142 | D:15     | Found Sappiec's Distillery.
 22154 | D:15     | Bought a potion of resistance for 100 gold pieces
 22154 | D:15     | Bought a potion of brilliance for 40 gold pieces
 22154 | D:15     | Bought 2 potions of heal wounds for 100 gold pieces
 22154 | D:15     | Bought a potion of lignification for 30 gold pieces
 22154 | D:15     | Bought a potion of might for 40 gold pieces
 22154 | D:15     | Bought a potion of curing for 30 gold pieces
 22154 | D:15     | Bought a potion of curing for 30 gold pieces
 22154 | D:15     | Bought a potion of heal wounds for 50 gold pieces
 22154 | D:15     | Bought a potion of curing for 30 gold pieces
 22337 | D:15     | Reached XP level 16. HP: 135/150 MP: 17/17
 22911 | Snake:1  | Entered Level 1 of the Snake Pit
 23924 | Snake:1  | Found Seqius's Antique Armour Emporium.
 24022 | Snake:1  | Received a gift from Okawaru
 24302 | Snake:2  | Found a transporter.
 24767 | Snake:2  | Found Xoupp's Jewellery Shop.
 24787 | Snake:2  | Found Dubay's Gadget Shoppe.
 24788 | Snake:2  | Found Buip's Jewellery Shop.
 24794 | Snake:2  | Bought the ring of a Thousand Princes {rPois rN+ SInv} for
                  | 577 gold pieces
 24798 | Snake:2  | Bought the amulet of the Four Winds {rN+ MR+++ Clar} for
                  | 746 gold pieces
 24798 | Snake:2  | Found the amulet of the Four Winds {rN+ MR+++ Clar}
 25338 | Snake:2  | Found a transporter.
 25509 | Snake:3  | Found a runed translucent gate.
 25509 | Snake:3  | Found a runed translucent gate.
 25527 | Snake:3  | Noticed Fidin's ghost (journeyman TrBe)
 25690 | Snake:3  | Found a runed translucent gate.
 25730 | Snake:3  | Received a gift from Okawaru
 26022 | Snake:3  | Found Elueghyu's Antique Armour Emporium.
 26033 | Snake:3  | Received a gift from Okawaru
 26034 | Snake:3  | Got a bone morningstar {god gift}
 26046 | Snake:3  | Identified the +8 morningstar of Midnight {flame, Str+3
                  | Int+4} (Okawaru gifted it to you on level 3 of the Snake
                  | Pit)
 26172 | Snake:4  | Entered Level 4 of the Snake Pit
 26201 | Snake:4  | Found a flickering gateway to a bazaar.
 26211 | Bazaar   | Entered a bazaar
 26225 | Bazaar   | Found Ydatuef's Weapon Shoppe.
 26225 | Bazaar   | Found Ucein's Armour Emporium.
 26238 | Bazaar   | Found Paola's Antique Weapon Emporium.
 26251 | Bazaar   | Found Bewopli's Jewellery Emporium.
 26908 | Snake:4  | Received a gift from Okawaru
 27261 | Snake:4  | Reached XP level 17. HP: 152/161 MP: 18/18
 28064 | Snake:4  | Received a gift from Okawaru
 28070 | Snake:4  | Reached skill level 10 in Throwing
 28235 | Snake:4  | Received a gift from Okawaru
 28556 | Snake:4  | Received a gift from Okawaru
 28696 | Snake:4  | Received a gift from Okawaru
 28915 | Snake:4  | Received a gift from Okawaru
 29070 | Snake:4  | Got a serpentine rune of Zot
 29798 | Snake:3  | Killed Fidin's ghost
 29798 | Snake:3  | Received a gift from Okawaru
 30214 | Snake:2  | Received a gift from Okawaru
 30266 | Snake:2  | Got a smouldering glaive
 30269 | Snake:2  | Got a wavering lapis lazuli ring
 30281 | Snake:2  | Got a faintly glowing brass ring
 30300 | Snake:2  | Identified the +6 glaive of Pain and Death {vamp, rN++ MP+9
                  | Str+3} (You found it on level 2 of the Snake Pit)
 30308 | Snake:2  | Identified the ring "Kocvyumel" {rPois rC++ Str-5 Dex+7}
                  | (You found it on level 2 of the Snake Pit)
 30310 | Snake:2  | Identified the ring "Badghearu" {rPois rF+ Int+3 Dex+4
                  | SInv} (You found it on level 2 of the Snake Pit)
 30662 | Shoals:1 | Entered Level 1 of the Shoals
 30667 | Shoals:1 | Got a crystal rapier
 30759 | Shoals:1 | Noticed Josephine
 30779 | Shoals:1 | Killed Josephine
 30905 | Shoals:1 | Found a runed translucent gate.
 30906 | Shoals:1 | Found a runed translucent gate.
 30907 | Shoals:1 | Noticed Loidof's ghost (adept MiFi)
 30907 | Shoals:1 | Found a runed translucent gate.
 30935 | Shoals:1 | Noticed a kraken
 30953 | Shoals:1 | Killed a kraken
 31333 | Shoals:1 | Reached XP level 18. HP: 159/173 MP: 19/19
 31523 | Shoals:1 | Killed Loidof's ghost
 31559 | Shoals:1 | Got a wavering pewter ring
 31585 | Shoals:1 | Identified the +6 rapier of Ointment {vorpal, rF- rC+ rN++
                  | MR+} (You found it on level 1 of the Shoals)
 31588 | Shoals:1 | Identified the ring "Jihoujis" {Fire +Fly rElec Str+2
                  | Int+7} (You found it on level 1 of the Shoals)
 31618 | Shoals:2 | Received a gift from Okawaru
 31901 | Shoals:2 | Noticed Louise
 31908 | Shoals:2 | Cast into level 2 of the Abyss (Louise)
 32032 | Abyss:2  | Paralysed by accursed screaming for 1 turns
 32039 | Abyss:2  | Paralysed by accursed screaming for 1 turns
 32050 | Abyss:3  | Found a corrupted altar of Lugonu.
 32118 | Abyss:3  | Found a transporter.
 32331 | Abyss:3  | Gained mutation: You occasionally shout uncontrollably at
                  | your foes. [a neqoxec]
 32365 | Abyss:3  | Got an abyssal rune of Zot
 32384 | Abyss:3  | Found a corrupted altar of Lugonu.
 32581 | Abyss:3  | Paralysed by accursed screaming for 1 turns
 32598 | Abyss:3  | Paralysed by accursed screaming for 1 turns
 32605 | Abyss:3  | Paralysed by accursed screaming for 1 turns
 32636 | Abyss:3  | Noticed a bone dragon
 32648 | Abyss:3  | Killed a bone dragon
 32648 | Abyss:3  | Received a gift from Okawaru
 32649 | Abyss:3  | Got a polished hat {god gift}
 32665 | Shoals:2 | Escaped the Abyss
 32706 | Shoals:2 | Killed Louise
 33136 | Shoals:1 | Identified the +0 hat of Mulusyfa {Harm rElec rC-} (Okawaru
                  | gifted it to you on level 3 of the Abyss)
 34095 | Shoals:4 | Entered Level 4 of the Shoals
 34218 | Shoals:4 | Hit by a javelin thrown by a merfolk javelineer

Illustrated notes

Levels and vault maps discovered:
D:1:      dpeg_chamrin_arrival_tetris, layout_basic, minmay_misc_feat_cross,
          nemelex_xobeh_ov_fountains_minmay
D:2:      layout_basic, lemuel_round_altar, bh_walls_and_bars
D:3:      cheibrodos_thug_alley, layout_basic, xom_butterflies, first_ration,
          grunt_ministairs_6
D:4:      layout_loops_corners, minmay_temple_entry_glass
D:5:      layout_basic, kennysheep_mini_moat, st_stairs_8, amethyst_killhole,
          kennysheep_donut
D:6:      layout_basic, kennysheep_mini, okawaru_metal_pillars_1_2,
          serial_shops, nicolae_shop_trees, uniq_edmund, uniq_menkaure
D:7:      layout_basic, serial_shops, shop, nicolae_shop_crystal,
          grunt_gozag_statues
D:8:      layout_rooms, uniq_maurice
D:9:      layout_rooms, lemuel_doored_altar, uniq_psyche
D:10:     layout_stronghold, grunt_pizzeria
D:11:     layout_cave_pods, due_lair_maze_entry_diamond, orc_0_dummy,
          uniq_snorg, uniq_grum
D:12:     layout_gridville, uniq_rupert
D:13:     layout_small_grid, serial_shops, nicolae_shop_window_shopping,
          hex_large, nicolae_tso_swordbearing_angel
D:14:     layout_loops_cross, erik_vaults_1, minmay_misc_feat_five
D:15:     gammafunk_enter_depths_forms, layout_basic, dk_noncrumbling_3,
          serial_shops, shop_statue
Temple:   eino_temple_scatter_basement
Lair:1:   layout_loops_ring, lightli_volcano_entry_magma_tube,
          serial_bayou_shore_b
Lair:2:   layout_cave_pods, roderic_batcave, worms_lemuel
Lair:3:   layout_regular_city, minmay_shoals_entry_centaurs,
          kennysheep_basilisk_garden, uniq_sonja, uniq_prince_ribbit2
Lair:4:   cheibrodos_lair_river_kwai, layout_regular_city,
          minmay_snake_entry_six_corridors
Lair:5:   layout_long_grid, dpeg_slime_entry_corner, grunt_megastairs_5
Lair:6:   gammafunk_lair_ancient_temple, layout_regular_city,
          ebering_ghost_inner_flame
Shoals:1: layout_shoals, gammafunk_ghost_split, uniq_josephine
Shoals:2: layout_shoals, uniq_louise
Shoals:3: layout_shoals
Shoals:4: shoals_end_grunt_garden, layout_shoals, uniq_polyphemus, uniq_roxanne
Snake:1:  layout_chambers, serial_shops, nicolae_shop_trees
Snake:2:  gammafunk_its_a_trap, layout_misc_corridors, minmay_shop_grove
Snake:3:  layout_rooms, serial_shops, shop, gammafunk_ghost_split
Snake:4:  grunt_snake_rune_serpentine_throne, layout_gridlike, serial_shops,
          bzr_entry_water, chequers_hall_statues_corner_a
Orc:1:    nicolae_orc_accident_1, layout_caves
Orc:2:    grunt_orc_community_town_hall, layout_diamond_mine,
          grunt_orc_community_big_house_1, grunt_orc_community_big_house_1,
          grunt_orc_community_house_3, grunt_orc_community_house_2,
          grunt_orc_community_house_3, grunt_orc_community_house_1,
          grunt_orc_community_house_3, portal_ice_cave_entry_ice_beasts,
          basic_altar, david_defended_altar_orc, uniq_donald

Skill      XL: |  1  2  3  4  5  6  7  8  9 10 11 12 13 14 15 16 17 18 |
---------------+-------------------------------------------------------+-----
Shields        | 4 5 6 7 9 10 11 13 14 15 17 18 | 18.8
Armour         | 4 5 6 7 8 9 10 11 12 13 | 13.7
Fighting       | 4 5 6 7 8 9 11 13 15 17 18 19 | 19.3
Maces & Flails | 3 4 6 8 10 12 13 15 16 17 18 19 | 19.8
Dodging        | 1 2 3 4 5 6 7 |  7.2
Throwing       | 1 2 3 4 6 7 8 9 11 12 | 12.7
Stealth        | 1 |  1.1
Invocations    | 1 2 3 4 |  4.8
Evocations     | 1 |  1.8

Action                   |  1- 3 |  4- 6 |  7- 9 | 10-12 | 13-15 | 16-18 || total
-------------------------+-------+-------+-------+-------+-------+-------++-------
Melee: Flail             |    88 |       |   197 |   492 |       |       ||   777
       Headbutt          |    13 |    15 |    62 |   167 |   344 |   283 ||   884
       Morningstar       |     7 |   142 |   132 |   243 |   942 |   701 ||  2167
       Eveningstar       |       |       |       |       |   558 |   498 ||  1056
Throw: Dart              |     5 |     7 |    37 |    72 |    26 |       ||   147
       Javelin           |       |       |     4 |     5 |    28 |       ||    37
       Boomerang         |       |       |       |    69 |    85 |   480 ||   634
Invok: Heroism           |       |       |     4 |    12 |    13 |    30 ||    59
       Finesse           |       |       |       |     3 |     5 |     8 ||    16
 Abil: Evoke Flight      |       |       |       |       |     1 |     5 ||     6
Evoke: Wand              |       |       |       |     8 |     7 |       ||    15
       Box of beasts     |       |       |       |       |       |     1 ||     1
  Use: Scroll            |       |       |     5 |    10 |     7 |    16 ||    38
       Potion            |       |       |       |     1 |       |    13 ||    14
 Stab: Petrified         |       |       |       |       |     3 |       ||     3
  Eat: Chunk             |     1 |     2 |     5 |     4 |    20 |     9 ||    41
       Ration            |       |     1 |     2 |     4 |     5 |     9 ||    21
Armor: Scale mail        |    72 |    60 |     9 |       |       |       ||   141
       Chain mail        |       |       |    88 |   229 |   288 |   295 ||   900
       Plate armour      |       |       |     1 |       |       |       ||     1
Dodge: Dodged            |    42 |    40 |    68 |   126 |   452 |   527 ||  1255
Block: Kite shield       |    57 |    59 |   156 |   488 |  1118 |   983 ||  2861
       Reflection        |       |       |       |    41 |    36 |       ||    77
